 Dungeon Crawl Stone Soup version 0.17.2-1-ge4368a0 (webtiles) character file.

154 Rottenbandages the Insei (level 5, -3/42 HPs)
             Began as a Mummy Monk on Oct 26, 2017.
             Slain by a gnoll shaman
             ... wielding a +0 whip
              (9 damage)
             ... on level 2 of the Dungeon.
             The game lasted 00:07:02 (5503 turns).

Rottenbandages the Insei (Mummy Monk)               Turns: 5503, Time: 00:07:02

Health: -3/42      AC:  2    Str: 14    XL:     5   Next: 13%
Magic:  5/5        EV: 13    Int: 10    God:
Gold:   84         SH:  0    Dex: 15    Spells: 0 memorised, 4 levels left

rFire  x . .     SeeInvis .       - Unarmed
rCold  + . .     Clarity  .     (no armour)
rNeg   + + +     SustAt   .     (no shield)
rPois  ∞         Gourm    .     m - +0 helmet {Robin's Scalp}
rElec  .         Spirit   .     i - +0 cloak
rCorr  .         Warding  .     (no gloves)
rMut   .         Stasis   .     (no boots)
MR     .....                    (no amulet)
Stlth  ++........               (no ring)
                                (no ring)

@: not resistant to hostile enchantments, unstealthy
A: no food or potions, fire vulnerability, cold resistance 1, negative energy
resistance 3, torment resistance, unbreathing
a: no special abilities


You were on level 2 of the Dungeon.
You were not hungry.

You visited 1 branch of the dungeon, and saw 4 of its levels.

You collected 84 gold pieces.


Innate Abilities, Weirdness & Mutations

You do not eat or drink.
Your flesh is vulnerable to fire.
You are immune to poison.
Your flesh is cold resistant.
You are immune to negative energy.
You are immune to unholy pain and torment.
You can survive without breathing.


   Skills:
 + Level 3.8 Fighting
 - Level 2.4 Dodging
 - Level 1.5 Stealth
 - Level 5.0 Unarmed Combat


You had 4 spell levels left.
You didn't know any spells.

Inventory:

Armour
 a - a +0 helmet
 i - a +0 cloak (worn)
 l - a +0 animal skin {Singing Skin of the Robin}
 m - a +0 helmet (worn) {Robin's Scalp}
Jewellery
 g - an uncursed amulet of clarity {unknown}
Scrolls
 c - a scroll of blinking
 d - 2 scrolls of magic mapping {unknown}
 e - a scroll of recharging
 f - a scroll of fog {unknown}
 h - a scroll of fear {unknown}
 k - a scroll of teleportation {unknown}
 n - a scroll of remove curse
 o - a scroll of enchant weapon
Comestibles
 j - 4 fruits (quivered)

Dungeon Overview and Level Annotations

Branches:
Dungeon (4/15)
 Temple: D:4-7

Altars:
Kikubaaqudgha
Zin

Annotations:
D:2 Natasha

.........▒▒▒▒▒▒▒▒▒.▒
.........▒ ▒g...▒.▒
.........▒ ▒.▒▒.▒.▒
▒▒▒▒'▒▒▒▒▒ ▒g▒▒.▒.▒
▒▒'▒▒▒▒ ▒......▒
▒.....▒ ▒▒▒▒.▒▒▒
▒▒▒.....▒ ▒.▒
........▒
▒▒▒▒▒.▒▒▒▒▒▒
.▒..(...▒
▒..))M.....▒
.▒......▒
▒.▒▒▒g▒▒▒▒.▒
.▒......▒ ▒.▒
▒.▒▒▒▒.▒▒ .▒......▒
▒.▒ ▒...g...▒
.▒....<.▒ ▒.▒
▒▒▒▒▒▒▒▒▒ .▒......▒
▒.▒ .▒.▒'▒▒▒▒ ▒.▒
.▒.▒.▒ ▒.▒ .▒.▒.▒
▒.▒


You could see a gnoll shaman.


Message History

The gnoll shaman is heavily wounded!
The gnoll shaman hits you with a whip! * * * don't die
* * * You take 6 damage, and have 17/42 hp!
You pulverise the gnoll shaman!
You punch the gnoll shaman, but do no damage!
The gnoll shaman is heavily wounded!
The gnoll shaman closely misses you!
You barely miss the gnoll shaman!
The gnoll shaman is heavily wounded!
The gnoll shaman completely misses you!
You beat the gnoll shaman into a bloody pulp!
The gnoll shaman is severely wounded!
The gnoll shaman hits you with a whip!!! * * * don't die
* * * You take 8 damage, and have 9/42 hp!
You squash the gnoll shaman but do no damage!
The gnoll shaman is severely wounded!
You pummel the gnoll shaman but do no damage!
The gnoll shaman is severely wounded!
The gnoll shaman misses you!
You pulverise the gnoll shaman but do no damage!
The gnoll shaman is severely wounded!
The gnoll shaman hits you with a whip! * * * don't die
* * * You take 3 damage, and have 6/42 hp!
You pulverise the gnoll shaman!
The gnoll shaman is severely wounded!
The gnoll shaman hits you with a whip!!! rip

Action                   |  1- 3 |  4- 6 || total
-------------------------+-------+-------++-------
Melee: Unarmed           |   120 |   131 ||   251
  Use: Scroll            |       |     4 ||     4
 Stab: Sleeping          |     2 |     3 ||     5

Vault maps used:
D:1:      dpeg_arrival_arbitrary_c
D:2:      zin_academy, uniq_natasha
D:3:      first_bread, tgw_kikubaaqudgha, uniq_robin
D:4:      serial_shops, nicolae_shop_window_shopping, uniq_grinder

Notes
Turn   | Place    | Note
--------------------------------------------------------------
     0 | D:1      | Rottenbandages the Mummy Monk began the quest for the Orb.
     0 | D:1      | Reached XP level 1. HP: 18/18 MP: 1/1
   349 | D:1      | Reached XP level 2. HP: 22/24 MP: 2/2
  1020 | D:1      | Reached skill level 4 in Unarmed Combat
  1518 | D:2      | Noticed Natasha
  1706 | D:2      | Reached XP level 3. HP: 29/29 MP: 3/3
  1881 | D:2      | Found a glowing silver altar of Zin.
  2900 | D:2      | Reached XP level 4. HP: 30/35 MP: 4/4
  3439 | D:3      | Noticed Robin
  3623 | D:2      | Killed Robin
  3791 | D:3      | Reached skill level 5 in Unarmed Combat
  4025 | D:3      | Found an ancient bone altar of Kikubaaqudgha.
  4025 | D:3      | Noticed a human
  5196 | D:3      | Reached XP level 5. HP: 28/41 MP: 5/5
  5503 | D:2      | Slain by a gnoll shaman

Vanquished Creatures
  Robin (D:2)
  6 adders
  3 gnolls
  A worm (D:2)
  3 giant geckos
  An orc (D:3)
  2 ball pythons
  7 goblins
  14 hobgoblins
  6 kobolds
  4 bats
  3 giant cockroaches
  5 giant newts
  9 rats
65 creatures vanquished.
